AoeStats
← Joaquito

Arabia

503873149Analyzed
2v2 RM · 1mo ago on Sep 2, 2026· 26m 11s· 4 players
Game mode
Random Map
Map size
Medium (4 player)
Population
200
Speed
Normal
Resources
Standard
Victory
Conquest
Starting age
Dark Age
Ending age
Imperial Age
RankedLock teamsTeams togetherTeam positionsShared explorationLock speedFull tech treeHidden civsTurbo modeCheats
Victory
Defeat
🇳🇱 Franks · Netherlands
1116
+11
🇧🇪 Shu · Belgium
969
+18
🇨🇱 Shu · Chile
1063
-17
🇨🇱 Byzantines · Chile
955
-12
Joaquito
7:51 Loom
10:29 Feudal Age
11:08 Double-Bit Axe
15:13 Fletching
17:19 Padded Archer Armor
19:47 Gold Mining
26:24 Castle Age
cacadecaca38
5:24 Loom
9:48 Feudal Age
10:08 Man-at-Arms
24:16 Forging
B0nzo53
6:09 Loom
9:28 Feudal Age
11:44 Double-Bit Axe
13:26 Fletching
17:32 Wheelbarrow
18:39 Padded Archer Armor
22:23 Castle Age
21:02 Horse Collar
21:15 Gold Mining
22:43 Crossbowman
23:28 Thumb Ring
23:22 Bodkin Arrow
Tobi BoemBoem
6:55 Loom
9:20 Feudal Age
9:50 Double-Bit Axe
20:02 Castle Age
19:00 Wheelbarrow
19:02 Forging
19:00 Gold Mining
21:08 Bow Saw
21:48 Scale Barding Armor
22:18 Stone Mining
23:33 Husbandry
Connection lost

Rejoining the realm…

Still unreachable

The connection could not be restored.

Session expired

The server has moved on; the page needs a fresh start.